[Event "39th Olympiad Khanty-Mansiysk 2010"]
[Site "Khanty-Mansiysk/Russia"]
[Date "2010.09.22"]
[Round "1"]
[White "Solic, Kristina"]
[Black "Tokhirjanova, Hulkar"]
[Result "0-1"]
[WhiteElo "2225"]
[BlackElo "2147"]
[PlyCount "70"]
[EventDate "2010.??.??"]
[WhiteTeam "Croatia"]
[BlackTeam "Uzbekistan"]
[WhiteTeamCountry "CRO"]
[BlackTeamCountry "UZB"]
[TimeControl "40/5400+30:1800+30"]

1. e4 c6 2. d4 d5 3. e5 Bf5 4. Nf3 e6 5. Be2 c5 6. c4 Nc6 7. Nc3 dxc4 8. d5
exd5 9. Nxd5 Nge7 10. Bxc4 Nxd5 11. Bxd5 Nb4 12. Qa4+ Bd7 13. Qb3 Nxd5 14. Qxd5
Bc6 15. Qb3 Be7 16. O-O Qd5 17. Qxd5 Bxd5 18. Rd1 O-O-O 19. Be3 b6 20. Nd2 f6
21. Bf4 g5 22. Bg3 h5 23. h4 fxe5 24. Bxe5 Rhg8 25. f3 g4 26. f4 Bxh4 27. Nf1
Rgf8 28. Ne3 Be6 29. Bd6 Rf7 30. b4 cxb4 31. f5 Bxf5 32. Rac1+ Kb7 33. Nxf5
Rxf5 34. Rc7+ Ka6 35. Rd2 Bg3 0-1

[Event "39th Olympiad Khanty-Mansiysk 2010"]
[Site "Khanty-Mansiysk/Russia"]
[Date "2010.09.22"]
[Round "1"]
[White "Oussedik, Mahfoud"]
[Black "Radford, Michael"]
[Result "1-0"]
[WhiteElo "2222"]
[BlackElo "1895"]
[PlyCount "81"]
[EventDate "2010.??.??"]
[WhiteTeam "Algeria"]
[BlackTeam "Bermuda"]
[WhiteTeamCountry "ALG"]
[BlackTeamCountry "BER"]
[TimeControl "40/5400+30:1800+30"]

1. c4 Nf6 2. Nc3 e6 3. e4 d5 4. e5 Ng8 5. d4 dxc4 6. Bxc4 a6 7. a4 Bb4 8. Qg4
Kf8 9. Nge2 Ne7 10. O-O c5 11. Bg5 h6 12. Bxe7+ Qxe7 13. d5 Qg5 14. Qe4 exd5
15. Qxd5 Qe7 16. Rad1 Nc6 17. f4 Be6 18. Qe4 Bxc4 19. Qxc4 Rb8 20. Ne4 Qe6 21.
Qxe6 fxe6 22. Rd7 Kg8 23. Nd6 b5 24. axb5 axb5 25. Rc7 Nd8 26. Ra1 Kh7 27. Raa7
Rg8 28. Ne4 Kg6 29. g4 c4 30. N2g3 Bf8 31. f5+ Kh7 32. Nf6+ Kh8 33. Nd7 Nf7 34.
fxe6 Ng5 35. Nxb8 Nxe6 36. Nd7 Nxc7 37. Rxc7 Be7 38. Nf5 Re8 39. Nxe7 Rxe7 40.
e6 Rxe6 41. Rc8+ 1-0

[Event "39th Olympiad Khanty-Mansiysk 2010"]
[Site "Khanty-Mansiysk/Russia"]
[Date "2010.09.22"]
[Round "1"]
[White "Al Ali, Omar Noaman"]
[Black "Brookfield, Toby"]
[Result "1-0"]
[WhiteElo "2220"]
[BlackElo "1782"]
[PlyCount "89"]
[EventDate "2010.??.??"]
[WhiteTeam "United Arab Emirates"]
[BlackTeam "Channel Islands"]
[WhiteTeamCountry "UAE"]
[BlackTeamCountry "GCI"]
[TimeControl "40/5400+30:1800+30"]

1. d4 f5 2. c4 Nf6 3. g3 e6 4. Bg2 Be7 5. Nf3 O-O 6. O-O d6 7. Nc3 Qe8 8. Qc2
Qh5 9. b4 Nbd7 10. Bb2 Bd8 11. e4 e5 12. exf5 Ng4 13. h3 Nh6 14. g4 Nxg4 15.
hxg4 Qxg4 16. Qe4 Qh5 17. dxe5 Nxe5 18. Nxe5 dxe5 19. Ne2 Bxf5 20. Qd5+ Kh8 21.
Ng3 Qg6 22. Nxf5 c6 23. Qd6 Qxf5 24. Qxe5 Qf7 25. Qg3 Bc7 26. Be5 Bxe5 27. Qxe5
Qxc4 28. Qc5 Qg4 29. Rad1 Rae8 30. Rd4 Qe2 31. Qc4 Qh5 32. Rh4 Qf5 33. Re4 Rd8
34. Qe2 Qf7 35. Re7 Qf4 36. Qe5 Qg4 37. Qg3 Qd4 38. Rfe1 Qf6 39. a3 Rd3 40.
R7e3 Rd2 41. Rf3 Qd8 42. Qg5 Rd7 43. Qxd8 Rfxd8 44. Bh3 Rd2 45. Re7 1-0

[Event "39th Olympiad Khanty-Mansiysk 2010"]
[Site "Khanty-Mansiysk/Russia"]
[Date "2010.09.22"]
[Round "1"]
[White "Del Castilho, Martyn"]
[Black "Ayyad, Husain"]
[Result "1-0"]
[WhiteElo "2218"]
[BlackElo "2165"]
[PlyCount "125"]
[EventDate "2010.??.??"]
[WhiteTeam "Barbados"]
[BlackTeam "BRN"]
[WhiteTeamCountry "BAR"]
[TimeControl "40/5400+30:1800+30"]

1. d4 Nf6 2. c4 d6 3. Nc3 Nbd7 4. e4 e5 5. Nf3 Be7 6. Be2 O-O 7. O-O Re8 8. Qc2
c6 9. h3 Qc7 10. Be3 Nf8 11. Rfe1 Ng6 12. Bf1 Bd7 13. Rac1 Rad8 14. a3 Qc8 15.
dxe5 dxe5 16. Bxa7 Nf4 17. Kh2 h6 18. Be3 N6h5 19. Na4 Be6 20. Nb6 Qc7 21. c5
Rf8 22. Qc3 Ng6 23. Bc4 Nhf4 24. Rcd1 Rxd1 25. Rxd1 Rd8 26. Rxd8+ Qxd8 27. Qd2
Qc7 28. b4 Bxc4 29. Nxc4 Ne6 30. Nb6 Qd8 31. Qxd8+ Bxd8 32. Nc4 Bc7 33. g3 Kf8
34. Kg2 f6 35. Kf1 h5 36. h4 Ke7 37. Ke2 Ngf8 38. Kd3 Nd7 39. Kc3 Kf7 40. Kd3
Ke7 41. Nb2 Nb8 42. Kc4 Kd7 43. a4 Bd8 44. Bd2 Kc8 45. Nd3 Nd7 46. Be3 Be7 47.
Nfe1 Nef8 48. b5 Nb8 49. f4 Ng6 50. fxe5 fxe5 51. Nf3 Bf6 52. Bd2 Kc7 53. Ba5+
Kc8 54. Bc3 Nd7 55. a5 Kc7 56. bxc6 bxc6 57. a6 Kb8 58. Nb4 Ne7 59. Nd3 Ng6 60.
Ba5 Ka7 61. Nb4 Nb8 62. Bb6+ Ka8 63. a7 1-0

[Event "39th Olympiad Khanty-Mansiysk 2010"]
[Site "Khanty-Mansiysk/Russia"]
[Date "2010.09.22"]
[Round "1"]
[White "Skinke, Katrina"]
[Black "Collas, Silvia"]
[Result "1-0"]
[WhiteElo "2217"]
[BlackElo "2320"]
[PlyCount "79"]
[EventDate "2010.??.??"]
[WhiteTeam "Latvia"]
[BlackTeam "France"]
[WhiteTeamCountry "LAT"]
[BlackTeamCountry "FRA"]
[TimeControl "40/5400+30:1800+30"]

1. e4 e5 2. Nf3 Nc6 3. Bc4 Nf6 4. d3 Bc5 5. O-O O-O 6. Bb3 d5 7. exd5 Nxd5 8.
Bg5 f6 9. Be3 Bxe3 10. fxe3 Na5 11. Bxd5+ Qxd5 12. Nc3 Qe6 13. Qe1 b6 14. e4
Bb7 15. Nh4 Rf7 16. Nf5 Nc6 17. Qh4 Ne7 18. Rae1 b5 19. Kh1 b4 20. Nd1 Nxf5 21.
exf5 Qc6 22. Ne3 Qc5 23. Qg3 Rd8 24. Ng4 Kh8 25. Re2 Qd4 26. Qh4 Rdd7 27. Re3
Qd5 28. Rg1 Rfe7 29. Rh3 Qg8 30. Rg3 Qf8 31. Rh3 h6 32. Qh5 Bd5 33. Re1 e4 34.
d4 Bf7 35. Qh4 Rxd4 36. Nxf6 Re5 37. c3 bxc3 38. bxc3 Rd2 39. Qf4 Qd6 40. Rxh6+
1-0

[Event "39th Olympiad Khanty-Mansiysk 2010"]
[Site "Khanty-Mansiysk/Russia"]
[Date "2010.09.22"]
[Round "1"]
[White "Olsarova, Tereza"]
[Black "Aginian, Nelly"]
[Result "1-0"]
[WhiteElo "2215"]
[BlackElo "2282"]
[PlyCount "71"]
[EventDate "2010.??.??"]
[WhiteTeam "Czech Republic"]
[BlackTeam "Armenia"]
[WhiteTeamCountry "CZE"]
[BlackTeamCountry "ARM"]
[TimeControl "40/5400+30:1800+30"]

1. e4 e6 2. d4 d5 3. e5 c5 4. c3 Nc6 5. Nf3 Bd7 6. a3 c4 7. Nbd2 Na5 8. Be2 Bc6
9. O-O Qd7 10. Qc2 Ba4 11. Qb1 Ne7 12. Ng5 h6 13. Nh3 O-O-O 14. Nf4 g6 15. b4
cxb3 16. c4 Nec6 17. cxd5 Nxd4 18. Bd3 exd5 19. Bb2 Ne6 20. Nxe6 Qxe6 21. Bc3
Nc6 22. Nxb3 Bxb3 23. Qxb3 d4 24. Bc4 Qxe5 25. Bd2 Bd6 26. g3 f5 27. Be6+ Kc7
28. Rfb1 Rb8 29. Bf4 Qc5 30. Rc1 Qa5 31. Bxd6+ Kxd6 32. Bf7 Kc7 33. Qe6 Rbd8
34. Rab1 Qxa3 35. Rxb7+ Kxb7 36. Ra1 1-0

[Event "39th Olympiad Khanty-Mansiysk 2010"]
[Site "Khanty-Mansiysk/Russia"]
[Date "2010.09.22"]
[Round "1"]
[White "Hoang, Thi Nhu Y"]
[Black "Pina Vega, Sulennis"]
[Result "1/2-1/2"]
[WhiteElo "2214"]
[BlackElo "2322"]
[PlyCount "143"]
[EventDate "2010.??.??"]
[WhiteTeam "Vietnam"]
[BlackTeam "Cuba"]
[WhiteTeamCountry "VIE"]
[BlackTeamCountry "CUB"]
[TimeControl "40/5400+30:1800+30"]

1. d4 Nf6 2. Nf3 g6 3. e3 Bg7 4. Be2 d6 5. O-O O-O 6. b3 e5 7. dxe5 Nfd7 8. Bb2
dxe5 9. Qc1 Re8 10. Rd1 e4 11. Nfd2 Qh4 12. Bxg7 Kxg7 13. Nc3 Nf6 14. Qb2 Kg8
15. h3 a6 16. a4 Nc6 17. Nf1 Qg5 18. Kh1 h5 19. Bc4 Be6 20. Bxe6 Rxe6 21. Ne2
h4 22. Rd2 Qf5 23. Rad1 g5 24. Nh2 Rae8 25. Kg1 Qe5 26. Qxe5 Rxe5 27. Nd4 Rc5
28. c4 Ne5 29. Ne2 Kg7 30. Nc3 c6 31. Rd8 Rxd8 32. Rxd8 b5 33. axb5 cxb5 34.
Rd6 bxc4 35. b4 Rc6 36. Rd4 Nd3 37. f3 Nxb4 38. fxe4 Nc2 39. Rd2 Na3 40. e5 Nh7
41. Nf3 Nb5 42. Nd4 Rc5 43. Nf5+ Kg6 44. Ne7+ Kh5 45. Ncd5 c3 46. Rc2 Na3 47.
Rxc3 Rxc3 48. Nxc3 Nc4 49. Nc6 Nxe3 50. Kf2 Nc4 51. Kf3 Nf8 52. Ke4 g4 53. Nd5
gxh3 54. gxh3 Kg5 55. Nd8 Nd2+ 56. Ke3 Nf1+ 57. Kf2 Ng3 58. Nxf7+ Kf5 59. Nc3
Ng6 60. Kf3 a5 61. Na4 Ke6 62. Nd8+ Kd7 63. Nf7 Ke7 64. Ng5 Nxe5+ 65. Kf4 Ng6+
66. Kg4 Nh1 67. Kf5 Nf8 68. Nf3 Nf2 69. Nxh4 Nxh3 70. Ke5 Nd7+ 71. Kd5 Nf4+ 72.
Ke4 1/2-1/2

[Event "39th Olympiad Khanty-Mansiysk 2010"]
[Site "Khanty-Mansiysk/Russia"]
[Date "2010.09.22"]
[Round "1"]
[White "Kopinits, Anna-Christina"]
[Black "Mammadova, Gulnar Marfat"]
[Result "0-1"]
[WhiteElo "2210"]
[BlackElo "2293"]
[PlyCount "140"]
[EventDate "2010.??.??"]
[WhiteTeam "Austria"]
[BlackTeam "Azerbaijan"]
[WhiteTeamCountry "AUT"]
[BlackTeamCountry "AZE"]
[TimeControl "40/5400+30:1800+30"]

1. e4 d6 2. d4 Nf6 3. Nc3 g6 4. Be3 c6 5. Qd2 Nbd7 6. Nf3 b5 7. Bd3 Bg7 8. h3
O-O 9. O-O e5 10. dxe5 dxe5 11. a4 b4 12. Ne2 a5 13. c3 Rb8 14. cxb4 Rxb4 15.
Ng3 Qc7 16. Rfc1 Rd8 17. Qc2 Bf8 18. Bd2 Rb8 19. Qxc6 Qxc6 20. Rxc6 Bb7 21. Rc2
Nc5 22. Bc4 Ncxe4 23. Bxa5 Re8 24. Bc7 Rbc8 25. Bxe5 Nd7 26. Bf4 Nxg3 27. fxg3
Nb6 28. Bb3 Rxc2 29. Bxc2 Re2 30. Bd3 Rxb2 31. a5 Nd7 32. Rb1 Rxb1+ 33. Bxb1
Bb4 34. Bd2 Bc5+ 35. Kf1 Ba6+ 36. Ke1 Kf8 37. Ng5 h5 38. Bc3 Bd6 39. Ne4 Be7
40. h4 f5 41. Ng5 Bc4 42. Nh3 Kf7 43. Nf4 Nc5 44. Bb4 Bd6 45. Kd1 Kf6 46. Bxc5
Bxc5 47. Bd3 Bb3+ 48. Kc1 Ba4 49. Kb2 Bc6 50. Kc3 Bf2 51. Ne2 Be1+ 52. Kd4 Bxa5
53. Ke3 Bb6+ 54. Kd2 Bxg2 55. Bb5 Bf2 56. Be8 Bf3 57. Kd3 Bxe2+ 58. Kxe2 Bxg3
59. Kf3 Bxh4 60. Kg2 Be1 61. Kf1 Bb4 62. Kg2 h4 63. Kh3 g5 64. Bh5 Ke5 65. Bf3
Kf4 66. Bc6 Be1 67. Kg2 g4 68. Bd5 h3+ 69. Kh2 Ke3 70. Be6 Kf2 0-1

[Event "39th Olympiad Khanty-Mansiysk 2010"]
[Site "Khanty-Mansiysk/Russia"]
[Date "2010.09.22"]
[Round "1"]
[White "Lkhamsuren, Uuganbayar"]
[Black "Andersson, Christin"]
[Result "0-1"]
[WhiteElo "2206"]
[BlackElo "2113"]
[PlyCount "52"]
[EventDate "2010.??.??"]
[WhiteTeam "Mongolia"]
[BlackTeam "Sweden"]
[WhiteTeamCountry "MGL"]
[BlackTeamCountry "SWE"]
[TimeControl "40/5400+30:1800+30"]

1. e4 e6 2. d4 d5 3. e5 c5 4. c3 Nc6 5. Nf3 Bd7 6. a3 Nge7 7. Bd3 Nf5 8. Bxf5
exf5 9. dxc5 Bxc5 10. Qxd5 Qb6 11. Qd2 O-O-O 12. b4 Nxe5 13. bxc5 Nxf3+ 14.
gxf3 Rhe8+ 15. Kf1 Qxc5 16. Qf4 g5 17. Qb4 Qd5 18. Nd2 f4 19. h3 h5 20. Ne4 Bc6
21. Rg1 Qd3+ 22. Kg2 g4 23. Be3 fxe3 24. Kh2 exf2 25. Nxf2 Qxf3 26. Raf1 Rd2
0-1

[Event "39th Olympiad Khanty-Mansiysk 2010"]
[Site "Khanty-Mansiysk/Russia"]
[Date "2010.09.22"]
[Round "1"]
[White "Fekadu, Desalegn Jimma"]
[Black "Vella, Duncan"]
[Result "1-0"]
[WhiteElo "2204"]
[BlackElo "2041"]
[PlyCount "79"]
[EventDate "2010.??.??"]
[WhiteTeam "Ethiopia"]
[BlackTeam "Malta"]
[WhiteTeamCountry "ETH"]
[BlackTeamCountry "MLT"]
[TimeControl "40/5400+30:1800+30"]

1. d4 d5 2. c4 c6 3. Nc3 e5 4. dxe5 d4 5. Nb1 Qa5+ 6. Bd2 Qxe5 7. Nf3 Qd6 8. g3
Nf6 9. Bg2 Be7 10. O-O O-O 11. Bf4 Qb4 12. Qxd4 Rd8 13. Qc3 Qb6 14. Nbd2 Na6
15. a3 Bf5 16. b4 Re8 17. Rad1 c5 18. b5 Nb8 19. a4 a5 20. Rfe1 Nbd7 21. e4 Bg4
22. h3 Bxf3 23. Nxf3 Nf8 24. e5 N6d7 25. Nh2 Rad8 26. Ng4 h5 27. Ne3 Ne6 28.
Nd5 Qa7 29. Be3 b6 30. f4 g6 31. Be4 Ndf8 32. f5 Nd4 33. f6 Bd6 34. exd6 Rxe4
35. Bxd4 cxd4 36. Qd2 Rxe1+ 37. Rxe1 Kh7 38. Re7 Rd7 39. Qxd4 Qb8 40. Qxb6 1-0

[Event "39th Olympiad Khanty-Mansiysk 2010"]
[Site "Khanty-Mansiysk/Russia"]
[Date "2010.09.22"]
[Round "1"]
[White "Plazaola, Maria De Los An"]
[Black "Homiakova, Elena"]
[Result "1-0"]
[WhiteElo "2203"]
[BlackElo "2156"]
[PlyCount "63"]
[EventDate "2010.??.??"]
[WhiteTeam "Argentina"]
[BlackTeam "Belarus"]
[WhiteTeamCountry "ARG"]
[BlackTeamCountry "BLR"]
[TimeControl "40/5400+30:1800+30"]

1. e4 c5 2. Nf3 Nc6 3. c3 d5 4. exd5 Qxd5 5. d4 Bg4 6. Be3 cxd4 7. cxd4 Bxf3 8.
gxf3 e6 9. Nc3 Qd6 10. Qa4 Qb4 11. Bb5 Qxa4 12. Bxa4 Nf6 13. Rc1 Bb4 14. O-O
O-O 15. Ne4 Rac8 16. Rc4 Nd5 17. Bxc6 bxc6 18. a3 Be7 19. Rfc1 f5 20. Nc5 Rf6
21. Kf1 Nb6 22. R4c2 Rd8 23. Bf4 Rd5 24. Be5 Rh6 25. Nd3 Nd7 26. Rxc6 Nxe5 27.
Rc8+ Kf7 28. Nxe5+ Kf6 29. R1c7 Rxh2 30. f4 g6 31. Rf8+ Kg7 32. Rf7+ 1-0

[Event "39th Olympiad Khanty-Mansiysk 2010"]
[Site "Khanty-Mansiysk/Russia"]
[Date "2010.09.22"]
[Round "1"]
[White "Ovalle, Burgos Ramon"]
[Black "Nakapunda, Otto"]
[Result "1-0"]
[WhiteElo "2201"]
[BlackElo "2073"]
[PlyCount "101"]
[EventDate "2010.??.??"]
[WhiteTeam "Puerto Rico"]
[BlackTeam "Namibia"]
[WhiteTeamCountry "PUR"]
[BlackTeamCountry "NAM"]
[TimeControl "40/5400+30:1800+30"]

1. d4 d5 2. Nf3 Bf5 3. c4 dxc4 4. Nc3 Nf6 5. g3 c6 6. a4 e6 7. Bg2 Bb4 8. O-O
h6 9. Ne5 O-O 10. Nxc4 Nbd7 11. a5 a6 12. Qb3 Bxc3 13. bxc3 Be4 14. Bxe4 Nxe4
15. f3 Nef6 16. Qxb7 Qc8 17. Qb3 Rb8 18. Qc2 c5 19. Ba3 Qc6 20. Rfc1 Rfc8 21.
Qd3 Qc7 22. Qd2 Qc6 23. e4 Rd8 24. Qf2 Qb5 25. Nd6 Qxa5 26. Bxc5 Qc7 27. Bb4
Rxb4 28. cxb4 Qxd6 29. e5 Nxe5 30. dxe5 Qxe5 31. Rxa6 Qb5 32. Rb6 Qa4 33. b5
Qb4 34. Qc2 Qd4+ 35. Qf2 Qb4 36. Rc2 Rd1+ 37. Kg2 Nd5 38. Rb7 Qb3 39. Kh3 Ne3
40. Rd2 Rc1 41. Re2 Rc3 42. b6 e5 43. Re7 Qxb6 44. Rxe5 Nc4 45. Qc5 Qf6 46.
Qc8+ Kh7 47. Rf5 Qd4 48. Rxf7 Nd6 49. Qd7 Rd3 50. Ree7 Nxf7 51. Qf5+ 1-0

[Event "39th Olympiad Khanty-Mansiysk 2010"]
[Site "Khanty-Mansiysk/Russia"]
[Date "2010.09.22"]
[Round "1"]
[White "Ostry, Irina"]
[Black "Al-Zarouni, Kholoud Essa"]
[Result "1-0"]
[WhiteElo "2197"]
[BlackElo "1890"]
[PlyCount "115"]
[EventDate "2010.??.??"]
[WhiteTeam "Kyrgyzstan"]
[BlackTeam "United Arab Emirates"]
[WhiteTeamCountry "KGZ"]
[BlackTeamCountry "UAE"]
[TimeControl "40/5400+30:1800+30"]

1. e4 e5 2. Nf3 Nc6 3. Bb5 a6 4. Ba4 Nf6 5. O-O Be7 6. Re1 b5 7. Bb3 d6 8. a4
b4 9. a5 O-O 10. c3 Rb8 11. d3 Bg4 12. Bc4 bxc3 13. bxc3 Nxa5 14. Rxa5 Rxb1 15.
Qc2 Qb8 16. Nd2 Rb6 17. Rxa6 Rxa6 18. Bxa6 Qb6 19. Bc4 Nd7 20. Nf1 Be6 21. Be3
Qa5 22. Nd2 Nc5 23. Nb3 Qa4 24. Bxe6 fxe6 25. Bxc5 dxc5 26. Ra1 Qc6 27. Nd2 Ra8
28. Rxa8+ Qxa8 29. g3 Qa1+ 30. Kg2 Kf7 31. Qb3 Bd6 32. Nf3 h6 33. h4 Qa6 34. c4
Qb6 35. Qc3 Kf6 36. g4 Qb4 37. Qc1 Qb3 38. Qd2 Ke7 39. h5 Qb4 40. Qe3 Qb8 41.
Nh4 Kd7 42. Ng6 Qd8 43. Qf3 Qf6 44. Qe2 Kd8 45. Qb2 Qg5 46. Kh3 Qf6 47. f4 Kd7
48. Kg2 exf4 49. e5 Qg5 50. Kf3 Be7 51. Qb5+ Kd8 52. Qc6 Bf6 53. Qxe6 Be7 54.
Qg8+ Kd7 55. Qxg7 Ke6 56. Qxe7+ Qxe7 57. Nxe7 Kxe7 58. Ke4 1-0

[Event "39th Olympiad Khanty-Mansiysk 2010"]
[Site "Khanty-Mansiysk/Russia"]
[Date "2010.09.22"]
[Round "1"]
[White "Yuan, Yuanling"]
[Black "Dauletova, Gulmira"]
[Result "0-1"]
[WhiteElo "2189"]
[BlackElo "2235"]
[PlyCount "66"]
[EventDate "2010.??.??"]
[WhiteTeam "Canada"]
[BlackTeam "Kazakhstan"]
[WhiteTeamCountry "CAN"]
[BlackTeamCountry "KAZ"]
[TimeControl "40/5400+30:1800+30"]

1. e4 c5 2. Na3 Nc6 3. Bb5 Nf6 4. d3 Nd4 5. c3 Nxb5 6. Nxb5 a6 7. Qa4 Qb6 8. c4
Rb8 9. Nc3 Qc6 10. f4 b5 11. Qb3 Rb7 12. cxb5 axb5 13. Nf3 d6 14. O-O e6 15.
Kh1 b4 16. Ne2 Be7 17. Qc2 O-O 18. e5 Nd5 19. d4 Qa6 20. Ng3 cxd4 21. Nxd4 Rc7
22. Qd1 Qb6 23. Nge2 Ba6 24. Rf3 Rd8 25. Qe1 Rc4 26. Nb3 Re4 27. Rf2 dxe5 28.
fxe5 Rxe5 29. Bd2 Nf6 30. Qf1 Ng4 31. Rxf7 Bxe2 32. Qf4 Bg5 33. Be3 Qxe3 0-1

[Event "39th Olympiad Khanty-Mansiysk 2010"]
[Site "Khanty-Mansiysk/Russia"]
[Date "2010.09.22"]
[Round "1"]
[White "Camacho, Chardine Cherade"]
[Black "Foisor, Cristina-Adela"]
[Result "1/2-1/2"]
[WhiteElo "2186"]
[BlackElo "2395"]
[PlyCount "128"]
[EventDate "2010.??.??"]
[WhiteTeam "Philippines"]
[BlackTeam "ROU"]
[WhiteTeamCountry "PHI"]
[TimeControl "40/5400+30:1800+30"]

1. e4 c6 2. d4 g6 3. Nc3 d5 4. Nf3 Bg7 5. h3 Nh6 6. Bd3 O-O 7. Bf4 dxe4 8. Nxe4
Nf5 9. c3 Nd6 10. O-O Nxe4 11. Bxe4 Nd7 12. Qe2 Nf6 13. Bd3 Nd5 14. Be5 Bh6 15.
Rfe1 Re8 16. Rad1 b5 17. Nh2 a5 18. Ng4 Bxg4 19. Qxg4 e6 20. h4 a4 21. a3 Ra7
22. Qh3 f5 23. g3 Nb6 24. f4 Nc4 25. Re2 Qd5 26. Qg2 Bf8 27. Rde1 Kf7 28. Kf2
c5 29. Qxd5 exd5 30. Bxc4 dxc4 31. dxc5 Bxc5+ 32. Bd4 Bxd4+ 33. cxd4 Rxe2+ 34.
Rxe2 Rd7 35. Re5 Rxd4 36. Rxb5 Rd2+ 37. Ke1 Rd3 38. Rc5 Rxg3 39. Rxc4 Rb3 40.
Rb4 Rh3 41. Rxa4 Rxh4 42. Kd2 Ke6 43. Ke3 Kd5 44. Rd4+ Kc6 45. Kd3 h5 46. Kc4
Rh1 47. b4 Rc1+ 48. Kb3 h4 49. Rd8 Rf1 50. Rg8 Rf3+ 51. Ka4 Rxf4 52. Rxg6+ Kd5
53. Ka5 Rg4 54. Rh6 Rg8 55. Rxh4 Ra8+ 56. Kb6 Rxa3 57. b5 Rb3 58. Rh8 f4 59.
Rd8+ Ke4 60. Re8+ Kd4 61. Kc6 Rc3+ 62. Kb7 Re3 63. Rf8 Re7+ 64. Ka6 Kd5 1/2-1/2

[Event "39th Olympiad Khanty-Mansiysk 2010"]
[Site "Khanty-Mansiysk/Russia"]
[Date "2010.09.22"]
[Round "1"]
[White "Seps, Monika"]
[Black "Ushenina, Anna"]
[Result "1/2-1/2"]
[WhiteElo "2184"]
[BlackElo "2466"]
[PlyCount "134"]
[EventDate "2010.??.??"]
[WhiteTeam "Switzerland"]
[BlackTeam "Ukraine"]
[WhiteTeamCountry "SUI"]
[BlackTeamCountry "UKR"]
[TimeControl "40/5400+30:1800+30"]

1. e4 c5 2. Nc3 d6 3. Nf3 Nc6 4. d4 cxd4 5. Nxd4 Nf6 6. Bg5 Bd7 7. Bxf6 gxf6 8.
Be2 Qa5 9. O-O Rc8 10. Nd5 Nxd4 11. Qxd4 Qc5 12. Qd2 h5 13. c3 Qa5 14. b4 Qa4
15. f4 Bg7 16. Qd4 Kf8 17. f5 h4 18. h3 Bc6 19. Bd1 Qa3 20. Bb3 Rh7 21. Rad1
Rd8 22. Ne3 b5 23. Kh1 Bh6 24. Ng4 Bg5 25. e5 fxe5 26. Nxe5 Bf6 27. Ng6+ Ke8
28. Qe3 Rg7 29. Nf4 Rg3 30. Qe2 Be5 31. Nd5 Rb8 32. Rf2 Bxd5 33. Bxd5 Qxc3 34.
Qh5 Kd7 35. Qxf7 Re8 36. f6 Bxf6 37. Be6+ Kd8 38. Rxd6+ Kc7 39. Rd7+ Kb6 40.
Qxe8 Qe1+ 41. Kh2 Rg8 42. Rb7+ Kxb7 43. Qxb5+ Kc7 44. Rc2+ Bc3 45. Qc4+ Kb8 46.
Qxc3 Qxe6 47. Qc7+ Ka8 48. Qc6+ Qxc6 49. Rxc6 Kb7 50. Rh6 e5 51. Rxh4 Kc6 52.
Rh7 a6 53. Re7 Kd5 54. g4 e4 55. Kg3 Kd4 56. a4 e3 57. b5 axb5 58. axb5 Kd3 59.
h4 Rb8 60. h5 e2 61. h6 Rb7 62. Rxe2 Kxe2 63. Kf4 Rxb5 64. g5 Rb4+ 65. Kf5 Rh4
66. Kg6 Kf3 67. Kg7 Kg4 1/2-1/2

[Event "39th Olympiad Khanty-Mansiysk 2010"]
[Site "Khanty-Mansiysk/Russia"]
[Date "2010.09.22"]
[Round "1"]
[White "Leite, Catarina"]
[Black "Geldiyeva, Mahri"]
[Result "0-1"]
[WhiteElo "2183"]
[BlackElo "2260"]
[PlyCount "60"]
[EventDate "2010.??.??"]
[WhiteTeam "Portugal"]
[BlackTeam "Turkmenistan"]
[WhiteTeamCountry "POR"]
[BlackTeamCountry "TKM"]
[TimeControl "40/5400+30:1800+30"]

1. e4 Nf6 2. Nc3 d5 3. exd5 Nxd5 4. Bc4 c6 5. d4 Bf5 6. Nf3 e6 7. O-O Bd6 8.
Ne2 Nd7 9. Ng3 Bg6 10. Bb3 Qc7 11. c4 N5f6 12. d5 Nc5 13. dxc6 Rd8 14. Bd2 bxc6
15. Bc2 Nce4 16. Qc1 Nxd2 17. Nxd2 Bf4 18. Rd1 Qa5 19. Ngf1 Bh5 20. f3 O-O 21.
a3 Qc5+ 22. Kh1 Qf2 23. Ne4 Nxe4 24. Qxf4 Rxd1 25. Rxd1 Qxc2 26. Ne3 Nf2+ 27.
Kg1 Qe2 28. Rf1 Nd3 29. Qd4 c5 30. Qe4 Bg6 0-1

[Event "39th Olympiad Khanty-Mansiysk 2010"]
[Site "Khanty-Mansiysk/Russia"]
[Date "2010.09.22"]
[Round "1"]
[White "Sahl, Sheila Barth"]
[Black "Zhao, Xue"]
[Result "1/2-1/2"]
[WhiteElo "2175"]
[BlackElo "2469"]
[PlyCount "101"]
[EventDate "2010.??.??"]
[WhiteTeam "Norway"]
[BlackTeam "China"]
[WhiteTeamCountry "NOR"]
[BlackTeamCountry "CHN"]
[TimeControl "40/5400+30:1800+30"]

1. e4 Nf6 2. e5 Nd5 3. d4 d6 4. c4 Nb6 5. Nf3 Bg4 6. exd6 exd6 7. h3 Bh5 8. Be3
Be7 9. Nc3 Nc6 10. Nd5 O-O 11. Nxe7+ Qxe7 12. Qd2 f5 13. O-O-O Bxf3 14. gxf3 f4
15. Bxf4 Qf7 16. Bg3 Nxc4 17. Qc2 Nb6 18. a3 Kh8 19. d5 Ne7 20. Bd3 Nbxd5 21.
Kb1 a5 22. Rhg1 Qh5 23. Be4 Ra6 24. Qc4 c6 25. Bxd6 Raa8 26. Bxd5 Nxd5 27. Bxf8
Rxf8 28. Qd4 Qf7 29. Rde1 h6 30. Re4 Qf6 31. Qxf6 Rxf6 32. Re8+ Kh7 33. Rb8 Rf7
34. h4 a4 35. Rg3 Nf4 36. Rg4 Nd3 37. Rxa4 Rxf3 38. Raa8 h5 39. Rxb7 Rxf2 40.
Ra5 c5 41. Rb3 Rd2 42. Rxd3 Rxd3 43. Rxc5 g6 44. Rc4 g5 45. hxg5 Kg6 46. Kc2
Rd8 47. b4 Kxg5 48. b5 h4 49. Rc7 Rh8 50. Rg7+ Kf4 51. Rf7+ 1/2-1/2

[Event "39th Olympiad Khanty-Mansiysk 2010"]
[Site "Khanty-Mansiysk/Russia"]
[Date "2010.09.22"]
[Round "1"]
[White "Hallayeva, Bahar"]
[Black "Coimbra, Margarida"]
[Result "1/2-1/2"]
[WhiteElo "2174"]
[BlackElo "2090"]
[PlyCount "133"]
[EventDate "2010.??.??"]
[WhiteTeam "Turkmenistan"]
[BlackTeam "Portugal"]
[WhiteTeamCountry "TKM"]
[BlackTeamCountry "POR"]
[TimeControl "40/5400+30:1800+30"]

1. e4 e5 2. Nf3 Nc6 3. Bc4 Bc5 4. O-O Nf6 5. d3 d6 6. c3 a6 7. b4 Ba7 8. a4 Be6
9. Nbd2 O-O 10. h3 Qd7 11. Re1 Ne7 12. Bb3 Ng6 13. Nf1 Nh5 14. d4 Nhf4 15. Bxe6
Qxe6 16. Ng3 Rfe8 17. d5 Qf6 18. Be3 h6 19. Nf5 Ne7 20. Nxe7+ Rxe7 21. Bxa7
Rxa7 22. Nh2 Qg5 23. Qg4 Qxg4 24. Nxg4 f5 25. exf5 Nxd5 26. Rac1 Rf7 27. Ne3
Nxe3 28. fxe3 Rxf5 29. Rf1 Rxf1+ 30. Kxf1 Ra8 31. e4 Rf8+ 32. Ke2 Kf7 33. Ke3
Ke6 34. c4 b6 35. Rb1 Kd7 36. Rd1 Kc6 37. Rb1 Rf7 38. b5+ axb5 39. cxb5+ Kb7
40. Rc1 Rf8 41. Ke2 Rf4 42. Ke3 d5 43. exd5 Rxa4 44. Rd1 Rb4 45. d6 cxd6 46.
Rxd6 Rxb5 47. Rd7+ Kc6 48. Rxg7 Rd5 49. Ke4 b5 50. Rg8 Rd2 51. Kxe5 b4 52. g4
b3 53. Rc8+ Kb5 54. h4 b2 55. g5 hxg5 56. hxg5 Kb6 57. Rb8+ Kc6 58. Kf6 Kc7 59.
Rb3 Rd6+ 60. Kf7 Rb6 61. Rxb2 Rxb2 62. g6 Rf2+ 63. Ke7 Rg2 64. Kf7 Kd7 65. g7
Rf2+ 66. Kg6 Rg2+ 67. Kf7 1/2-1/2

[Event "39th Olympiad Khanty-Mansiysk 2010"]
[Site "Khanty-Mansiysk/Russia"]
[Date "2010.09.22"]
[Round "1"]
[White "Antoniou, Antonis"]
[Black "Khetho, Phemelo"]
[Result "1-0"]
[WhiteElo "2172"]
[BlackElo "2266"]
[PlyCount "131"]
[EventDate "2010.??.??"]
[WhiteTeam "Cyprus"]
[BlackTeam "Botswana"]
[WhiteTeamCountry "CYP"]
[BlackTeamCountry "BOT"]
[TimeControl "40/5400+30:1800+30"]

1. e4 c5 2. Nf3 e6 3. d4 cxd4 4. Nxd4 a6 5. Bd3 b5 6. a4 b4 7. O-O Bb7 8. Qe2
Qc7 9. Nd2 Bc5 10. N4b3 Bd6 11. h3 Ne7 12. Nc4 Bf4 13. e5 Bxc1 14. Nd6+ Kf8 15.
Raxc1 f5 16. Qh5 Ng6 17. Bxf5 exf5 18. Qxf5+ Ke7 19. Qf7+ Kd8 20. Qxg7 Qc6 21.
Nxb7+ Qxb7 22. c3 Qd5 23. Qf6+ Kc7 24. cxb4+ Nc6 25. b5 Raf8 26. Qd6+ Qxd6 27.
exd6+ Kxd6 28. bxc6 dxc6 29. Rfd1+ Kc7 30. Rd2 Rd8 31. Rcd1 Rxd2 32. Rxd2 Nf4
33. Kh2 Rg8 34. g3 Nd5 35. Nd4 Kd6 36. Nf5+ Ke5 37. g4 Rb8 38. Rc2 a5 39. Kg3
Rb3+ 40. f3 h5 41. Rxc6 hxg4 42. hxg4 Rxb2 43. Rc5 Ke6 44. Rxa5 Nc3 45. Ra6+
Ke5 46. Ra5+ Kf6 47. f4 Ne4+ 48. Kh3 Rf2 49. Ra6+ Kf7 50. Nd6+ Nxd6 51. Rxd6
Rxf4 52. a5 Ra4 53. a6 Kg7 54. Kh4 Ra2 55. Rb6 Ra3 56. Kh5 Ra1 57. Rb7+ Kf6 58.
Rb6+ Kg7 59. Kg5 Ra5+ 60. Kf4 Ra4+ 61. Kf5 Ra5+ 62. Ke6 Ra4 63. Kd6 Rc4 64. Rc6
Rxg4 65. Kc7 Kf7 66. a7 1-0